 Dungeon Crawl Stone Soup version 0.28.0-53-g5a82cb258f (webtiles) character file.

Game seed: 10006071656463038179

11015 MiltankisOP the Nimble (level 11, -8/69 HPs)
             Began as an Octopode Transmuter on July 10, 2022.
             Was a Believer of Cheibriados.
             Mangled by a komodo dragon (16 damage)
             ... on level 2 of the Lair of Beasts.
             The game lasted 00:36:07 (14540 turns).

MiltankisOP the Nimble (Octopode Transmuter)       Turns: 14540, Time: 00:36:08

Health: -8/69      AC:  8    Str: 13    XL:     11   Next: 71%
Magic:  14/17      EV: 28    Int: 21    God:    Cheibriados [**....]
Gold:   450        SH:  0    Dex: 20    Spells: 10/18 levels left

rFire   . . .      SeeInvis .     - Unarmed
rCold   + . .      Faith    .   (no shield)
rNeg    + . .      Spirit   .   (helmet currently unavailable)
rPois   .          Reflect  .   (no amulet)
rElec   .          Harm     .   b - +4 ring of evasion
rCorr   .          Rampage  .   p - ring of protection from cold
Will    .....                   q - +4 ring of evasion
Stlth   +++.......              s - ring of positive energy
HPRegen 0.21/turn               (no ring)
MPRegen 0.15/turn               (no ring)
                                (no ring)
                                (no ring)

@: ice-armoured, appendages, very slow
A: tentacle spike 3, almost no armour, amphibious, 8 rings, camouflage 1,
gelatinous body 1, (nimble swimmer 1), tentacles
a: End Transformation, Renounce Religion, Bend Time


You were on level 2 of the Lair of Beasts.
You worshipped Cheibriados.
Cheibriados was pleased with you.
One of your tentacles had grown a beastly spike.
You visited 2 branches of the dungeon, and saw 13 of its levels.

You collected 520 gold pieces.
You spent 70 gold pieces at shops.

Inventory:

Missiles
 o - 2 throwing nets
Jewellery
 b - a +4 ring of evasion (left tentacle)
 p - a ring of protection from cold (right tentacle)
 q - a +4 ring of evasion (on tentacle)
 s - a ring of positive energy (on tentacle)
Wands
 r - a wand of paralysis (16)
 A - a wand of flame (12)
 E - a wand of acid (8)
Scrolls
 c - 3 scrolls of immolation {unknown}
 d - 4 scrolls of teleportation
 g - 2 scrolls of enchant armour {unknown}
 h - 3 scrolls of fog
 k - a scroll of summoning {unknown}
 n - 4 scrolls of vulnerability
 t - 2 scrolls of magic mapping {unknown}
 w - a scroll of blinking {unknown}
 x - a scroll of fear {unknown}
 y - 3 scrolls of enchant weapon {unknown}
 C - a scroll of holy word {unknown}
 D - a scroll of identify
Potions
 a - a potion of lignification {unknown}
 e - a potion of brilliance {unknown}
 f - 3 potions of degeneration
 i - 2 potions of curing
 j - 2 potions of cancellation
 l - a potion of flight {unknown}
 m - 3 potions of haste
 u - a potion of ambrosia {unknown}
 v - 3 potions of attraction
 z - a potion of berserk rage {unknown}
 B - a potion of mutation {unknown}


   Skills:
 - Level 4.0 Fighting
 - Level 10.0 Dodging
 - Level 6.0 Unarmed Combat
 - Level 4.0 Spellcasting
 + Level 9.7 Transmutations
 - Level 7.1 Ice Magic
 - Level 7.0 Invocations


You had 10 spell levels left.
You knew the following spells:

 Your Spells              Type           Power      Damage    Failure   Level
a - Beastly Appendage     Tmut           90%        N/A       1%          1
b - Ozocubu's Armour      Ice            34%        N/A       1%          3
c - Ice Form              Ice/Tmut       39%        N/A       3%          4

Your spell library contained the following spells:

 Spells                   Type           Power      Damage    Failure   Level
 Wereblood                Tmut           45%        N/A       1%          2
 Passwall                 Tmut/Erth      20%        N/A       2%          2
 Ensorcelled Hibernation  Hex/Ice        38%        N/A       4%          2
 Spider Form              Tmut/Pois      24%        N/A       4%          3
 Blade Hands              Tmut           22%        N/A       6%          5
 Magic Dart               Conj           16%        1d3       12%         1
 Summon Small Mammal      Summ           16%        N/A       12%         1
 Call Imp                 Summ           4%         N/A       19%         2
 Corpse Rot               Necr/Air       8%         N/A       19%         2
 Poisonous Vapours        Pois/Air       8%         N/A       19%         2
 Call Canine Familiar     Summ           4%         N/A       34%         3
 Mephitic Cloud           Conj/Pois/Air  4%         N/A       34%         3
 Summon Guardian Golem    Hex/Summ       4%         N/A       34%         3
 Swiftness                Air            4%         N/A       34%         3
 Dispel Undead            Necr           4%         3d7       75%         4
 Ozocubu's Refrigeration  Ice            17%        4d8       99%         7
 Death Channel            Necr           2%         N/A       100%        6
 Iron Shot                Conj/Erth      2%         9d2       100%        6
 Animate Armour           Summ/Erth      Unusable   N/A       N/A         4

Dungeon Overview and Level Annotations

Branches:
Dungeon (10/15)            Temple (0/1) D:6            Lair (3/6) D:9
    Orc (0/2) D:9
  Swamp: Lair:2-4    Shoals: Lair:2-4     Snake: Lair:2-4    Spider: Lair:2-4

Altars:
Cheibriados
Dithmenos
Elyvilon
Fedhas
Makhleb
Qazlal
Ru
Sif Muna
Vehumet
The Shining One

Shops:
D:1 !   D:5 *

Annotations:
D:3 exclusion: statue
D:4 3 runed translucent doors, Soldner's ghost, weakling HOFi
D:8 2 runed translucent doors
D:10 Gastronok
Lair:1 2 transporters
Lair:2 Fannar


Innate Abilities, Weirdness & Mutations

One of your tentacles has grown a beastly spike.
You cannot wear most types of armour.
You are amphibious.
You can wear up to eight rings at the same time.
Your skin changes colour to match your surroundings (Stealth+).
Your rubbery body absorbs attacks. (AC +1, EV +1)
((You are camouflaged when in or above water. (Stealth+)))
You have tentacles for arms and can constrict up to eight enemies at once.


Message History

Your tentacle spike misses the polar bear.
The polar bear is lightly wounded.
The polar bear bites you! The polar bear completely misses you.
The polar bear barely misses you.
You tentacle-slap the polar bear.
You pierce the polar bear, but do no damage.
The polar bear is lightly wounded.
The polar bear completely misses you. x3
The polar bear misses you. x2; The polar bear completely misses you.
Found a potion of curing.
The polar bear closely misses you. The polar bear misses you.
The polar bear claws you.
A komodo dragon comes into view.
The polar bear completely misses you. The polar bear misses you.
The polar bear claws you.
The komodo dragon hisses angrily.
The komodo dragon bites you!
The polar bear completely misses you. x3
The komodo dragon bites you!!
* * * LOW HITPOINT WARNING * * *
You hear an angry hiss.
There is an escape hatch in the ceiling, spattered with blood here.
You feel better. The polar bear misses you. The polar bear closely misses you.
The polar bear misses you.
A water moccasin comes into view.
The komodo dragon completely misses you.
The polar bear closely misses you. The polar bear claws you.
* * * LOW HITPOINT WARNING * * *
The polar bear closely misses you.
The komodo dragon completely misses you.
A mysterious force pulls you upwards. The hatch slams shut behind you.
Level annotation: Fannar
Found a stone staircase leading up.
As you read the scroll labelled VUNEUSATWIE, it crumbles to dust.
The scroll dissolves into smoke.
It was a scroll of fog.
The komodo dragon completely misses you.
Unknown command.
Okay, then.
Casting: Beastly Appendage (safe; 1% risk of failure)
Confirm with . or Enter, or press ? or * to list all spells.
A film of ice covers your body! The komodo dragon bites you!
You die...

.. ..
.S ..
.. .
### #@#
#P§lP#
#..§h§#
##<..##
....#
.....
...#.#
.....


You could see a polar bear and a komodo dragon.

Vanquished Creatures
  A hydra (Lair:2)
  A two-headed ogre (D:10)
  A manticore (D:8)
  A black mamba (Lair:2)
  2 centaur zombies
  3 cane toads (Lair:1)
  A polar bear (Lair:1)
  A troll (D:10)
  2 shadows
  A wraith (D:9)
  A wyvern (D:9)
  12 yaks
  Grum (Lair:1)
  A basilisk (Lair:1)
  5 water moccasins
  3 sky beasts
  2 necrophages
  4 orc warriors
  A black bear (D:6)
  2 ice beasts
  8 wolves
  3 centaurs
  A phantom (D:5)
  A kobold brigand (D:8)
  6 bullfrogs
  3 scorpions
  4 killer bees (D:9)
  3 wights (D:8)
  6 electric eels
  4 howler monkeys
  4 orc priests
  2 hounds
  4 centaur skeletons
  A jelly (D:4)
  2 gnoll shamans
  An iron imp (D:8)
  Jessica (D:3)
  2 iguanas (D:5)
  8 orc wizards
  A hound zombie (D:5)
  2 hound skeletons
  A howler monkey zombie (D:9)
  2 howler monkey skeletons (D:7)
  10 gnolls
  5 adders
  A white imp (D:8)
  A worm (D:4)
  5 dart slugs
  27 orcs
  4 endoplasms
  A giant cockroach (D:2)
  8 goblins
  9 hobgoblins
  5 jackals
  12 kobolds
  2 quokkas (D:3)
  4 ball pythons
  7 bats
  2 frilled lizards
  7 rats
226 creatures vanquished.

Vanquished Creatures (others)
  An electric eel (D:10)
  An orc (D:10)
  9 fungi
  21 plants
32 creatures vanquished.

Grand Total: 258 creatures vanquished

Notes
Turn   | Place    | Note
-------+----------+-------------------------------------------
     0 | D:1      | MiltankisOP the Octopode Transmuter began the quest for the
                  | Orb.
     0 | D:1      | Reached XP level 1. HP: 13/13 MP: 3/3
   237 | D:1      | Found a faded altar of an unknown god.
   417 | D:1      | Reached XP level 2. HP: 18/18 MP: 3/5
   440 | D:1      | Prayed at the altar of an unknown god.
   440 | D:1      | Became a worshipper of the Shining One
   440 | D:1      | Reached * piety under the Shining One
   760 | D:1      | Found Boyleu's Distillery.
   772 | D:1      | Bought a potion of heal wounds for 70 gold pieces
   946 | D:2      | Reached XP level 3. HP: 13/24 MP: 6/6
  1040 | D:2      | Reached skill level 3 in Dodging
  1447 | D:3      | Reached XP level 4. HP: 29/30 MP: 5/7
  1542 | D:3      | Found a shimmering blue altar of Sif Muna.
  1788 | D:3      | Reached skill level 1 in Ice Magic
  1823 | D:3      | Noticed Jessica
  1826 | D:3      | Killed Jessica
  2021 | D:3      | Found a radiant altar of Vehumet.
  2021 | D:3      | Noticed a charred statue
  2501 | D:3      | Found a blossoming altar of Fedhas.
  2510 | D:3      | Found a burning altar of Makhleb.
  2607 | D:4      | Reached XP level 5. HP: 9/36 MP: 6/8
  2843 | D:4      | Noticed a centaur
  2849 | D:4      | Noticed Soldner's ghost (weakling HOFi)
  2884 | D:4      | Found a runed translucent gate.
  2890 | D:4      | Found a runed translucent gate.
  2921 | D:4      | Reached ** piety under the Shining One
  3147 | D:4      | Found a runed translucent gate.
  3399 | D:4      | Reached XP level 6. HP: 42/42 MP: 7/9
  3473 | D:4      | Found a white marble altar of Elyvilon.
  3474 | D:4      | Found a sacrificial altar of Ru.
  4289 | D:5      | Entered Level 5 of the Dungeon
  4289 | D:5      | Noticed a necrophage
  4301 | D:5      | Killed a necrophage
  4302 | D:5      | Reached skill level 5 in Ice Magic
  4377 | D:5      | Noticed an ice beast
  4411 | D:5      | Reached XP level 7. HP: 36/46 MP: 8/10
  4519 | D:5      | HP: 2/46 [sky beast (6)]
  4683 | D:5      | Found Puvuefuc's Gadget Gallery.
  5047 | D:5      | Learned a level 3 spell: Ozocubu's Armour
  5507 | D:5      | Reached XP level 8. HP: 52/52 MP: 9/11
  6196 | D:6      | Reached skill level 5 in Transmutations
  6303 | D:6      | Reached XP level 9. HP: 15/56 MP: 13/15
  6953 | D:6      | Found a staircase to the Ecumenical Temple.
  7006 | D:7      | Learned a level 4 spell: Ice Form
  7018 | D:7      | Reached *** piety under the Shining One
  7596 | D:7      | Noticed a two-headed ogre
  8101 | D:8      | Found a snail-covered altar of Cheibriados.
  8162 | D:8      | Reached skill level 5 in Unarmed Combat
  8645 | D:8      | Noticed a manticore
  8670 | D:8      | Killed a manticore
  8671 | D:8      | Reached XP level 10. HP: 16/63 MP: 13/16
  9031 | D:8      | Reached **** piety under the Shining One
  9048 | D:7      | Reached skill level 5 in Invocations
  9548 | D:8      | Fell from the grace of the Shining One
  9548 | D:8      | Became a worshipper of Cheibriados the Contemplative
  9637 | D:8      | Found a runed translucent door.
  9639 | D:8      | Found a runed translucent door.
 10535 | D:9      | Reached skill level 4 in Dodging
 10737 | D:9      | Found a staircase to the Orcish Mines.
 10796 | D:9      | Reached skill level 5 in Dodging
 10851 | D:9      | Found a shadowy altar of Dithmenos.
 10896 | D:9      | Found a staircase to the Lair.
 11030 | D:9      | Reached * piety under Cheibriados
 11039 | D:9      | Reached skill level 6 in Dodging
 11771 | D:10     | Entered Level 10 of the Dungeon
 11771 | D:10     | Found a stormy altar of Qazlal.
 11794 | D:10     | Noticed a two-headed ogre
 11802 | D:10     | Killed a two-headed ogre
 11803 | D:10     | Reached skill level 7 in Dodging
 11803 | D:10     | Reached XP level 11. HP: 36/67 MP: 13/17
 11987 | D:9      | Reached skill level 8 in Dodging
 12823 | D:10     | Noticed Gastronok
 12903 | Lair:1   | Entered Level 1 of the Lair of Beasts
 12942 | Lair:1   | Noticed Grum
 13018 | D:9      | Reached skill level 9 in Dodging
 13039 | Lair:1   | Killed Grum
 13129 | Lair:1   | Reached ** piety under Cheibriados
 13529 | Lair:1   | Reached skill level 10 in Dodging
 13700 | Lair:1   | Found a transporter.
 13720 | Lair:1   | Found a transporter.
 14189 | Lair:2   | Noticed Fannar
 14257 | Lair:2   | Noticed a five-headed hydra
 14273 | Lair:2   | Killed a five-headed hydra
 14523 | Lair:2   | You fall into a shaft and drop 1 floor!
 14540 | Lair:2   | Mangled by a komodo dragon

Illustrated notes

Levels and vault maps discovered:
D:1:      amcnicky_arrival_abandoned_market, layout_basic,
          shapermc_ecumenical_altar_gd, serial_shops, shop_statue
D:2:      layout_rooms, minmay_diced_spiral
D:3:      layout_basic, led_sif_pool, vehumet_statue,
          amethyst_overflow_temple_binary, kennysheep_jessica_study
D:4:      layout_loops_ring, gammafunk_temple_overflow_statue,
          gammafunk_ghost_split, cheibrodos_sewer_entry_sluice
D:5:      layout_rooms, nicolae_shop_gadgets
D:6:      layout_loops_ring, minmay_temple_entry_poolview
D:7:      cheibrodos_helix_gallery, layout_basic
D:8:      lemuel_insect_pit, layout_basic, slow_altar_2,
          minmay_misc_feat_hallway
D:9:      layout_irregular_city, mainiacjoe_overflow_paths, lair_entry_dummy,
          orc_0_dummy
D:10:     layout_small_grid, mainiacjoe_overflow_alcove_1, serial_bayou,
          serial_bayou_pond_d, serial_bayou_shore_a, serial_bayou_pond_a,
          serial_bayou_lake_a, minivault_19, uniq_gastronok
Lair:1:   gammafunk_worm_tunnel, layout_chaotic_city, grunt_megastairs_3,
          lemuel_fruit_tree, uniq_grum
Lair:2:   layout_cave_shapes, grunt_megastairs_2, infiniplex_staircase_pool,
          uniq_fannar
Lair:3:   layout_hall_layers, dummy_snake_entry, grunt_megastairs_1,
          serial_bayou_shore_b, serial_bayou_shore_b, uniq_prince_ribbit2

Skill      XL: |  1  2  3  4  5  6  7  8  9 10 11 |
---------------+----------------------------------+-----
Fighting       | 2 3 4 |  4.0
Dodging        | 3 7 10 | 10.0
Ice Magic      | 2 4 5 7 |  7.1
Transmutations | 3 6 9 |  9.7
Spellcasting   | 4 |  4.0
Unarmed Combat | 6 |  6.0
Invocations    | 3 7 |  7.0

Action                   |  1- 3 |  4- 6 |  7- 9 | 10-12 || total
-------------------------+-------+-------+-------+-------++-------
Melee: Unarmed           |    59 |   109 |   270 |   329 ||   767
       Constrict         |    18 |    40 |    27 |     7 ||    92
       Kick              |    19 |    55 |    91 |    34 ||   199
       Tentacles         |    12 |    35 |    59 |    20 ||   126
       Punch             |     2 |     4 |     9 |     4 ||    19
 Cast: Beastly Appendage |    17 |    27 |    29 |    12 ||    85
       Ice Form          |       |       |     8 |    30 ||    38
       Ozocubu's Armour  |       |       |       |     1 ||     1
Evoke: Wand              |       |       |     8 |     2 ||    10
  Use: Potion            |       |       |     1 |     4 ||     5
       Scroll            |       |       |       |     7 ||     7
 Stab: Sleeping          |     1 |       |       |       ||     1
Armor: Skin              |     5 |     6 |    30 |    31 ||    72
Dodge: Dodged            |    37 |    80 |   243 |   379 ||   739
